 Dungeon Crawl Stone Soup version 0.19.0-9-gfd783f2 (webtiles) character file.

84 Jerry the Shield-Bearer (level 4, -9/28 HPs)
             Began as a Gargoyle Fighter on Nov 7, 2016.
             Killed by divine providence
             ... invoked by an orc priest
              (12 damage)
             ... on level 3 of the Dungeon.
             The game lasted 00:05:06 (1949 turns).

Jerry the Shield-Bearer (Gargoyle Fighter)          Turns: 1949, Time: 00:05:06

Health: -9/28      AC: 11    Str: 20    XL:     4   Next: 46%
Magic:  4/4        EV:  7    Int:  8    God:
Gold:   70         SH:  9    Dex: 10    Spells: 0 memorised, 3 levels left

rFire  . . .     SeeInvis .     a - +0 flail
rCold  . . .     Gourm    .     b - +1 scale mail
rNeg   + . .     Faith    .     c - +0 shield
rPois  ∞         Spirit   .     (no helmet)
rElec  +         Reflect  .     (no cloak)
rCorr  .         Harm     .     (no gloves)
MR     .....                    (no boots)
Stlth  ..........               (no amulet)
                                (no ring)
                                (no ring)

@: no status effects
A: negative energy resistance 1, electricity resistance, unbreathing,
petrification resistance, rot immunity, AC +3
a: no special abilities


You were on level 3 of the Dungeon.
You were not hungry.

You visited 1 branch of the dungeon, and saw 3 of its levels.

You collected 70 gold pieces.

Inventory:

Hand Weapons
 a - a +0 flail (weapon)
Armour
 b - a +1 scale mail (worn)
 c - a +0 shield (worn)
Scrolls
 e - a scroll of enchant armour
 k - a scroll of amnesia
 l - 2 scrolls of identify
 n - a scroll of magic mapping {unknown}
 o - a scroll of fog {unknown}
 t - a scroll of enchant weapon {unknown}
 u - a scroll of remove curse
 v - a scroll of teleportation {unknown}
Potions
 d - 2 potions of might
 g - a potion of haste
 i - a potion of heal wounds
 j - a potion of lignification
 p - a potion of invisibility {unknown}
 s - a potion of cure mutation {unknown}
Comestibles
 f - 3 bread rations
 h - a meat ration
 m - a royal jelly
 q - 3 fruits
 r - 2 chunks of flesh


   Skills:
 - Level 3.2 Fighting
 + Level 3.3 Maces & Flails
 + Level 3.9 Armour
 + Level 4.1 Shields


You had 3 spell levels left.
You didn't know any spells.

Dungeon Overview and Level Annotations

Branches:
Dungeon (3/15)

Altars:
Ashenzari
The Shining One


Innate Abilities, Weirdness & Mutations

You are resistant to torment.
Your stone body is resilient. (AC +3)
You are immune to poison.
You resist negative energy. (rN+)
You are resistant to electric shocks. (rElec)
You can survive without breathing.
You are immune to petrification.
You are immune to rotting.


Message History

The orc is heavily wounded.
The orc hits you but does no damage.
You closely miss the orc.
The orc is heavily wounded.
You block the orc's attack.
You hit the orc.
The orc is almost dead.
The orc barely misses you. The orc hits you but does no damage.
Your shield and scale mail prevent you from hitting the orc.
The orc is almost dead.
You block the orc's attack.
You hit the orc.
You kill the orc!
The orc priest calls down the wrath of Beogh upon you.
Beogh smites you!
* * * LOW HITPOINT WARNING * * *
You closely miss the orc. The orc hits you but does no damage.
The orc priest calls down the wrath of Beogh upon you.
Beogh smites you!
You die...

#.# #.# #.#
#.### #...#
###.# ##.## #
#...##.##
#.....#.@oo.#
#.###...##..#
##.## .# #. #
#. ##


You could see an orc priest and an orc.

Vanquished Creatures
  3 adders
  A worm (D:3)
  A dart slug (D:1)
  An orc (D:3)
  4 bats (D:1)
  3 giant cockroaches
  5 goblins
  3 hobgoblins
  11 jackals
  3 kobolds
  2 quokkas
  5 frilled lizards
  7 rats
49 creatures vanquished.

Notes
Turn   | Place    | Note
-------+----------+-------------------------------------------
     0 | D:1      | Jerry the Gargoyle Fighter began the quest for the Orb.
     0 | D:1      | Reached XP level 1. HP: 14/14 MP: 1/1
   152 | D:1      | Reached XP level 2. HP: 16/19 MP: 2/2
   736 | D:2      | Reached XP level 3. HP: 23/23 MP: 3/3
  1526 | D:2      | Reached skill level 4 in Shields
  1526 | D:2      | Reached XP level 4. HP: 24/28 MP: 4/4
  1558 | D:2      | Found a faded altar of an unknown god.
  1558 | D:2      | Found a faded altar of an unknown god.
  1563 | D:2      | Found a faded altar of an unknown god.
  1565 | D:2      | Found a faded altar of an unknown god.
  1567 | D:2      | Found a shattered altar of Ashenzari.
  1783 | D:3      | Found a glowing golden altar of the Shining One.
  1949 | D:3      | Killed from afar by an orc priest

Skill      XL: |  1  2  3 |
---------------+----------+-----
Maces & Flails | 3 |  3.3
Shields        | 4 |  4.1
Fighting       | |  3.2
Armour         | |  3.9

Action                   |  1- 3 |  4- 6 || total
-------------------------+-------+-------++-------
Melee: Flail             |   152 |    82 ||   234
  Use: Scroll            |     8 |       ||     8
  Eat: Chunk             |     1 |     3 ||     4
Armor: Scale mail        |    89 |    39 ||   128
Dodge: Dodged            |    57 |    15 ||    72
Block: Shield            |    97 |    38 ||   135
